Workbook
Name IQ_CH: 110000
Name IQ_CQ: 5000
Name IQ_CY: 10000
Name IQ_DAILY: 500000
Name IQ_FH: 100000
Name IQ_FQ: 500
Name IQ_FY: 1000
Name IQ_LTM: 2000
Name IQ_MONTH: 15000
Name IQ_NTM: 6000
Name IQ_WEEK: 50000
Name IQ_YTD: 3000

Sheet Guia
A1: =MID(CELL("filename",A1),FIND("[",CELL("filename",A1))+1,FIND("]",CELL("filename",A1))-FIND("[",CELL("filename",A1))-6) -> Modelo proyecciones Hult - Resuelto
A2: =MID(CELL("filename",A2),FIND("]",CELL("filename",A2))+1,LEN(CELL("filename",A2))) -> Guia
B3: Timing | C3: 0 | F3: Periodo | G3: =Timing!G3 -> 0 | H3: =Timing!H3 -> 1 | I3: =Timing!I3 -> 2 | J3: =Timing!J3 -> 3 | K3: =Timing!K3 -> 4 | L3: =Timing!L3 -> 5
F4: Tipo | G4: =Timing!G4 -> Actual | H4: =Timing!H4 -> Proyectado | I4: =Timing!I4 -> Proyectado | J4: =Timing!J4 -> Proyectado | K4: =Timing!K4 -> Proyectado | L4: =Timing!L4 -> Proyectado
F5: Inicio | G5: =Timing!G5 -> 44927 | H5: =Timing!H5 -> 45292 | I5: =Timing!I5 -> 45658 | J5: =Timing!J5 -> 46023 | K5: =Timing!K5 -> 46388 | L5: =Timing!L5 -> 46753
F6: Fin | G6: =Timing!G6 -> 45291 | H6: =Timing!H6 -> 45657 | I6: =Timing!I6 -> 46022 | J6: =Timing!J6 -> 46387 | K6: =Timing!K6 -> 46752 | L6: =Timing!L6 -> 47118
F7: Año | G7: =Timing!G7 -> 2023 | H7: =Timing!H7 -> 2024 | I7: =Timing!I7 -> 2025 | J7: =Timing!J7 -> 2026 | K7: =Timing!K7 -> 2027 | L7: =Timing!L7 -> 2028
B9: Contenido | G9: Guía de Colores de celdas
B11: Timing | C11: Control del horizonte de tiempo del proyecto | G11: Azul | H11: Celdas que contienen hard-data (variables independientes)
G12: Negro | H12: Celdas que contienen fórmulas
B13: Supuestos | C13: Listado de todas las variables del proyecto | G13: Rojo | H13: Cambio de formulación en una serie de celdas (fila o columna)
G14: Verde | H14: Celdas que únicamente referencian valores de otras hojas
B15: Ingresos | C15: Estimación de los escenarios de precios y cantidades de venta | G15: Lila | H15: Celdas que contienen variables de sensibilización
G16: Blanco | H16: Celdas de resultados finales de la modelación
B17: Nomina | C17: Estimación del costo de nómina de empleados
B19: Deuda | C19: Cálculo de la amortización de las deudas financieras
G20: Guía de Colores de hojas
B21: Proyecciones | C21: Elaboración de proyecciones financieras
H22: Corresponde a hojas de guía y control del modelo
H24: Corresponde a hojas de modelaciones y cálculos
H26: Corresponde a hojas de resultados del modelo
H28: Corresponde a información proporcionada por el cliente
H30: Corresponde a hojas que contienen información suplementaria

Sheet Timing
A1: =MID(CELL("filename",A1),FIND("[",CELL("filename",A1))+1,FIND("]",CELL("filename",A1))-FIND("[",CELL("filename",A1))-6) -> Modelo proyecciones Hult - Resuelto
A2: =MID(CELL("filename",A2),FIND("]",CELL("filename",A2))+1,LEN(CELL("filename",A2))) -> Timing
F3: Periodo | G3: 0 | H3: 1 | I3: 2 | J3: 3 | K3: 4 | L3: 5
F4: Tipo | G4: Actual | H4: Proyectado | I4: Proyectado | J4: Proyectado | K4: Proyectado | L4: Proyectado
F5: Inicio | G5: =D10 -> 44927 | H5: =G6+1 -> 45292 | I5: =H6+1 -> 45658 | J5: =I6+1 -> 46023 | K5: =J6+1 -> 46388 | L5: =K6+1 -> 46753
F6: Fin | G6: =DATE(YEAR(G5),MONTH(G5)+11,DAY(G5)+30) -> 45291 | H6: =DATE(YEAR(G6)+1,MONTH(G6),DAY(G6)) -> 45657 | I6: =DATE(YEAR(H6)+1,MONTH(H6),DAY(H6)) -> 46022 | J6: =DATE(YEAR(I6)+1,MONTH(I6),DAY(I6)) -> 46387 | K6: =DATE(YEAR(J6)+1,MONTH(J6),DAY(J6)) -> 46752 | L6: =DATE(YEAR(K6)+1,MONTH(K6),DAY(K6)) -> 47118
F7: Año | G7: =YEAR(G5) -> 2023 | H7: =YEAR(H5) -> 2024 | I7: =YEAR(I5) -> 2025 | J7: =YEAR(J5) -> 2026 | K7: =YEAR(K5) -> 2027 | L7: =YEAR(L5) -> 2028
B9: Fecha de evaluación | D9: 45230
B10: Inicio del horizonte proyecto | D10: 44927
B11: Fin del horizonte proyecto | D11: =MAX($G$6:$L$6) -> 47118

Sheet Supuestos
A1: =MID(CELL("filename",A1),FIND("[",CELL("filename",A1))+1,FIND("]",CELL("filename",A1))-FIND("[",CELL("filename",A1))-6) -> Modelo proyecciones Hult - Resuelto
A2: =MID(CELL("filename",A2),FIND("]",CELL("filename",A2))+1,LEN(CELL("filename",A2))) -> Supuestos
B3: Timing | C3: 0 | F3: Periodo | G3: =Timing!G3 -> 0 | H3: =Timing!H3 -> 1 | I3: =Timing!I3 -> 2 | J3: =Timing!J3 -> 3 | K3: =Timing!K3 -> 4 | L3: =Timing!L3 -> 5
F4: Tipo | G4: =Timing!G4 -> Actual | H4: =Timing!H4 -> Proyectado | I4: =Timing!I4 -> Proyectado | J4: =Timing!J4 -> Proyectado | K4: =Timing!K4 -> Proyectado | L4: =Timing!L4 -> Proyectado
F5: Inicio | G5: =Timing!G5 -> 44927 | H5: =Timing!H5 -> 45292 | I5: =Timing!I5 -> 45658 | J5: =Timing!J5 -> 46023 | K5: =Timing!K5 -> 46388 | L5: =Timing!L5 -> 46753
F6: Fin | G6: =Timing!G6 -> 45291 | H6: =Timing!H6 -> 45657 | I6: =Timing!I6 -> 46022 | J6: =Timing!J6 -> 46387 | K6: =Timing!K6 -> 46752 | L6: =Timing!L6 -> 47118
F7: Año | G7: =Timing!G7 -> 2023 | H7: =Timing!H7 -> 2024 | I7: =Timing!I7 -> 2025 | J7: =Timing!J7 -> 2026 | K7: =Timing!K7 -> 2027 | L7: =Timing!L7 -> 2028
B9: Datos de ingresos y costos de venta
B11: Variable | D11: Valor | E11: Unidad | F11: Descripción
B12: Captura de mercado | D12: 0.05 | E12: % | F12: Porción de los ingresos producidos por el mercado que serán generados por el proyecto
B13: Precio inicial | D13: 10 | E13: USD | F13: Precio de venta por cada unidad disponible para la venta
B14: Inflación local | D14: 0.02 | E14: % | F14: Inflación anual del país donde se ejecuta el proyecto
B17: Datos de Gastos
B19: Variable | D19: Valor | E19: Unidad | F19: Descripción
B20: Alimentación | D20: 0.0095 | E20: % | F20: Valor del gasto como % del total de sueldos del personal
B21: Uniformes | D21: 0.0095 | E21: % | F21: Valor del gasto como % del total de sueldos del personal
B22: Transporte | D22: 0.0045 | E22: % | F22: Valor del gasto como % del total de sueldos del personal
B23: Capacitaciones | D23: 0.0095 | E23: % | F23: Valor del gasto como % del total de sueldos del personal
B24: Seguro médico | D24: 0.0045 | E24: % | F24: Valor del gasto como % del total de sueldos del personal
B27: Datos de Activos
B29: Variable | D29: Valor | E29: Unidad | F29: Descripción
B30: Inversión inicial Terrenos | D30: 1000 | E30: USD k | F30: Costo de adquisición original del activo previo al arranque del proyecto
B31: Inversión inicial Edificios | D31: 1500 | E31: USD k | F31: Costo de adquisición original del activo previo al arranque del proyecto
B32: Inversión inicial Instalaciones | D32: 800 | E32: USD k | F32: Costo de adquisición original del activo previo al arranque del proyecto
B33: Inversión inicial Maquinarias | D33: 2200 | E33: USD k | F33: Costo de adquisición original del activo previo al arranque del proyecto
B34: Inversión inicial Camiones | D34: 150 | E34: USD k | F34: Costo de adquisición original del activo previo al arranque del proyecto
B35: Inversión inicial Muebles de oficina | D35: 30 | E35: USD k | F35: Costo de adquisición original del activo previo al arranque del proyecto
B36: Inversión inicial Equipos de Oficina | D36: 20 | E36: USD k | F36: Costo de adquisición original del activo previo al arranque del proyecto
B37: Inversión inicial Equipos de Computación | D37: 40 | E37: USD k | F37: Costo de adquisición original del activo previo al arranque del proyecto
B38: Inversión inicial Vehículos | D38: 60 | E38: USD k | F38: Costo de adquisición original del activo previo al arranque del proyecto
B39: Total Inversión Inicial | D39: =SUM(D30:D38) -> 5800
B43: Datos Financieros
B45: Variable | D45: Valor | E45: Unidad | F45: Descripción
B46: Monto de Deuda | D46: 3000 | E46: USD k | F46: Monto de deuda contratada para el proyecto
B47: Fecha de inicio | D47: 45061 | E47: fecha | F47: Fecha de contratación de la deuda
B48: Plazo | D48: 5 | E48: años | F48: Plazo total de duración de la deuda, desde la fecha de contratación hasta la fecha del último pago
B49: Tasa | D49: 0.12 | E49: % | F49: Tasa de interés efectiva anual de la deuda
B50: Periodo de gracia | D50: 0 | E50: años | F50: Plazo de tiempo donde no se producen amortizaciones de capital de la deuda
B51: No. Pagos en el año | D51: 12 | E51: No. | F51: No. veces dentro de un año en que se registran pagos de capital y/o intereses
B52: Margen Bruto | D52: 0.3 | E52: % | F52: Relación porcentual entre la utilidad bruta y los ingresos operativos
B53: Margen Operativo | D53: 0.1 | E53: % | F53: Relación porcentual entre la utilidad operativa EBIT y los ingresos operativos
B54: Tasa Depreciación | D54: 0.05 | E54: % | F54: Tasa que refleja la vida útil promedio de los elementos de propiedad, planta y equipo
B55: Tasa de impuestos | D55: 0.3625 | E55: % | F55: Tasa que combina la tarifa de participación de trabajadores en las utilidades, y la tarifa del impuesto a la renta
B56: Tasa de reparto dividendos | D56: 0.4 | E56: % | F56: Tasa de reparto de las utilidades netas
B57: Días de Inventario | D57: 45 | E57: días | F57: Tiempo promedio de rotación de la mercadería
... B63: Aporte de capital | D63: 5000 | E63: USD k | F63: Monto aportado por los accionistas

Sheet Ingresos
A1: =MID(CELL("filename",A1),FIND("[",CELL("filename",A1))+1,FIND("]",CELL("filename",A1))-FIND("[",CELL("filename",A1))-6) -> Modelo proyecciones Hult - Resuelto
A2: =MID(CELL("filename",A2),FIND("]",CELL("filename",A2))+1,LEN(CELL("filename",A2))) -> Ingresos
B3: Timing | C3: 1 | F3: Periodo | G3: =Timing!G3 -> 0 | H3: =Timing!H3 -> 1 | I3: =Timing!I3 -> 2 | J3: =Timing!J3 -> 3 | K3: =Timing!K3 -> 4 | L3: =Timing!L3 -> 5
F4: Tipo | G4: =Timing!G4 -> Actual | H4: =Timing!H4 -> Proyectado | I4: =Timing!I4 -> Proyectado | J4: =Timing!J4 -> Proyectado | K4: =Timing!K4 -> Proyectado | L4: =Timing!L4 -> Proyectado
F5: Inicio | G5: =Timing!G5 -> 44927 | H5: =Timing!H5 -> 45292 | I5: =Timing!I5 -> 45658 | J5: =Timing!J5 -> 46023 | K5: =Timing!K5 -> 46388 | L5: =Timing!L5 -> 46753
F6: Fin | G6: =Timing!G6 -> 45291 | H6: =Timing!H6 -> 45657 | I6: =Timing!I6 -> 46022 | J6: =Timing!J6 -> 46387 | K6: =Timing!K6 -> 46752 | L6: =Timing!L6 -> 47118
F7: Año | G7: =Timing!G7 -> 2023 | H7: =Timing!H7 -> 2024 | I7: =Timing!I7 -> 2025 | J7: =Timing!J7 -> 2026 | K7: =Timing!K7 -> 2027 | L7: =Timing!L7 -> 2028
B9: Supuestos
B10: Captura de mercado | D10: =Supuestos!D12 -> 0.05
B11: Precio inicial | D11: =Supuestos!D13 -> 10
B12: Inflación local | D12: =Supuestos!D14 -> 0.02
D15: Historial de ingresos del sector | G15: Proyección de Ingresos del Sector
B16: No. | C16: Año | D16: Valor 000 | G16: No. | H16: Año | I16: Proyección
B17: 1 | C17: 2004 | D17: 76710 | G17: 21 | H17: 2024 | I17: =6979.4*G17+83592 -> 230159.4
B18: 2 | C18: 2005 | D18: 86140 | G18: 22 | H18: 2025 | I18: =6979.4*G18+83592 -> 237138.8
B19: 3 | C19: 2006 | D19: 97910 | G19: 23 | H19: 2026 | I19: =6979.4*G19+83592 -> 244118.2
B20: 4 | C20: 2007 | D20: 108920 | G20: 24 | H20: 2027 | I20: =6979.4*G20+83592 -> 251097.6
B21: 5 | C21: 2008 | D21: 117850 | G21: 25 | H21: 2028 | I21: =6979.4*G21+83592 -> 258077
B22: 6 | C22: 2009 | D22: 127440
B23: 7 | C23: 2010 | D23: 136980
B24: 8 | C24: 2011 | D24: 148850
B25: 9 | C25: 2012 | D25: 160360 | G25: Proyección de Ingresos del Proyecto
B26: 10 | C26: 2013 | D26: 168100 | G26: No. | H26: Año | I26: Proyección
B27: 11 | C27: 2014 | D27: 166350 | G27: 21 | H27: 2024 | I27: =I17*$D$10 -> 11507.97
B28: 12 | C28: 2015 | D28: 166620 | G28: 22 | H28: 2025 | I28: =I18*$D$10 -> 11856.94
B29: 13 | C29: 2016 | D29: 179440 | G29: 23 | H29: 2026 | I29: =I19*$D$10 -> 12205.91
B30: 14 | C30: 2017 | D30: 190430 | G30: 24 | H30: 2027 | I30: =I20*$D$10 -> 12554.88
B31: 15 | C31: 2018 | D31: 195790 | G31: 25 | H31: 2028 | I31: =I21*$D$10 -> 12903.85
B32: 16 | C32: 2019 | D32: 190130
B33: 17 | C33: 2020 | D33: 202690
B34: 18 | C34: 2021 | D34: 201040
B35: 19 | C35: 2022 | D35: 207640
B36: 20 | C36: 2023 | D36: 208120
B39: Total Ingresos del proyecto | E39: =SUM(G39:L39) -> 61029.55 | H39: {=TRANSPOSE(I27:I31)} -> 11507.97 | I39: 11856.94 | J39: 12205.91 | K39: 12554.88 | L39: 12903.85
B40: Precio proyectado | H40: =$D$11*(1+$D$12)^H3 -> 10.2 | I40: =$D$11*(1+$D$12)^I3 -> 10.404 | J40: =$D$11*(1+$D$12)^J3 -> 10.61208 | K40: =$D$11*(1+$D$12)^K3 -> 10.824322 | L40: =$D$11*(1+$D$12)^L3 -> 11.040808
B41: Total cantidades proyectadas | E41: =SUM(G41:L41) -> 5746.6929 | H41: =H39/H40 -> 1128.2324 | I41: =I39/I40 -> 1139.6521 | J41: =J39/J40 -> 1150.1902 | K41: =K39/K40 -> 1159.8768 | L41: =L39/L40 -> 1168.7415

Sheet Nomina
A1: =MID(CELL("filename",A1),FIND("[",CELL("filename",A1))+1,FIND("]",CELL("filename",A1))-FIND("[",CELL("filename",A1))-6) -> Modelo proyecciones Hult - Resuelto
A2: =MID(CELL("filename",A2),FIND("]",CELL("filename",A2))+1,LEN(CELL("filename",A2))) -> Nomina
B3: Timing | C3: 1 | F3: Periodo | G3: =Timing!G3 -> 0 | H3: =Timing!H3 -> 1 | I3: =Timing!I3 -> 2 | J3: =Timing!J3 -> 3 | K3: =Timing!K3 -> 4 | L3: =Timing!L3 -> 5
F4: Tipo | G4: =Timing!G4 -> Actual | H4: =Timing!H4 -> Proyectado | I4: =Timing!I4 -> Proyectado | J4: =Timing!J4 -> Proyectado | K4: =Timing!K4 -> Proyectado | L4: =Timing!L4 -> Proyectado
F5: Inicio | G5: =Timing!G5 -> 44927 | H5: =Timing!H5 -> 45292 | I5: =Timing!I5 -> 45658 | J5: =Timing!J5 -> 46023 | K5: =Timing!K5 -> 46388 | L5: =Timing!L5 -> 46753
F6: Fin | G6: =Timing!G6 -> 45291 | H6: =Timing!H6 -> 45657 | I6: =Timing!I6 -> 46022 | J6: =Timing!J6 -> 46387 | K6: =Timing!K6 -> 46752 | L6: =Timing!L6 -> 47118
F7: Año | G7: =Timing!G7 -> 2023 | H7: =Timing!H7 -> 2024 | I7: =Timing!I7 -> 2025 | J7: =Timing!J7 -> 2026 | K7: =Timing!K7 -> 2027 | L7: =Timing!L7 -> 2028
B9: Supuestos
B11: Beneficios gravados para seguridad social
B12: Alimentación | D12: =Supuestos!D20 -> 0.0095
B13: Uniformes | D13: =Supuestos!D21 -> 0.0095
B14: Transporte | D14: =Supuestos!D22 -> 0.0045
B15: Capacitaciones | D15: =Supuestos!D23 -> 0.0095
B16: Seguro médico | D16: =Supuestos!D24 -> 0.0045
B19: Evolución histórica del sueldo básico USD | G19: Proyección del sueldo básico USD
B21: 2020 | C21: 2021 | D21: 2022 | E21: 2023
B22: 375 | C22: 386 | D22: 394 | E22: 400 | G22: =ROUND(374.49+17.946*LN(6+G3),0) -> 407 | H22: =ROUND(374.49+17.946*LN(6+H3),0) -> 409 | I22: =ROUND(374.49+17.946*LN(6+I3),0) -> 412 | J22: =ROUND(374.49+17.946*LN(6+J3),0) -> 414 | K22: =ROUND(374.49+17.946*LN(6+K3),0) -> 416 | L22: =ROUND(374.49+17.946*LN(6+L3),0) -> 418
B24: AREA ADMINISTRATIVA (USD 000)
B25: Dirección General | D25: No. | E25: SBU
B26: Gerente General | D26: 1 | E26: 12 | H26: =$D26*$E26*H$22*12/1000 -> 58.896 | I26: =$D26*$E26*I$22*12/1000 -> 59.328 | J26: =$D26*$E26*J$22*12/1000 -> 59.616 | K26: =$D26*$E26*K$22*12/1000 -> 59.904 | L26: =$D26*$E26*L$22*12/1000 -> 60.192
B27: Gerente Financiero | D27: 1 | E27: 10 | H27: =$D27*$E27*H$22*12/1000 -> 49.08 | I27: =$D27*$E27*I$22*12/1000 -> 49.44 | J27: =$D27*$E27*J$22*12/1000 -> 49.68 | K27: =$D27*$E27*K$22*12/1000 -> 49.92 | L27: =$D27*$E27*L$22*12/1000 -> 50.16
B28: Asistente Administrativo | D28: 1 | E28: 3 | H28: =$D28*$E28*H$22*12/1000 -> 14.724 | I28: =$D28*$E28*I$22*12/1000 -> 14.832 | J28: =$D28*$E28*J$22*12/1000 -> 14.904 | K28: =$D28*$E28*K$22*12/1000 -> 14.976 | L28: =$D28*$E28*L$22*12/1000 -> 15.048
B29: Total Dirección General | D29: =SUM(D26:D28) -> 3 | E29: =SUM(G29:L29) -> 620.7 | H29: =SUM(H26:H28) -> 122.7 | I29: =SUM(I26:I28) -> 123.6 | J29: =SUM(J26:J28) -> 124.2 | K29: =SUM(K26:K28) -> 124.8 | L29: =SUM(L26:L28) -> 125.4
B31: CONTABILIDAD
B32: Contador General | D32: 1 | E32: 3 | H32: =$D32*$E32*H$22*12/1000 -> 14.724 | I32: =$D32*$E32*I$22*12/1000 -> 14.832 | J32: =$D32*$E32*J$22*12/1000 -> 14.904 | K32: =$D32*$E32*K$22*12/1000 -> 14.976 | L32: =$D32*$E32*L$22*12/1000 -> 15.048
B33: Aux. Costos | D33: 2 | E33: 1 | H33: =$D33*$E33*H$22*12/1000 -> 9.816 | I33: =$D33*$E33*I$22*12/1000 -> 9.888 | J33: =$D33*$E33*J$22*12/1000 -> 9.936 | K33: =$D33*$E33*K$22*12/1000 -> 9.984 | L33: =$D33*$E33*L$22*12/1000 -> 10.032
B34: Aux. Nominas | D34: 2 | E34: 1 | H34: =$D34*$E34*H$22*12/1000 -> 9.816 | I34: =$D34*$E34*I$22*12/1000 -> 9.888 | J34: =$D34*$E34*J$22*12/1000 -> 9.936 | K34: =$D34*$E34*K$22*12/1000 -> 9.984 | L34: =$D34*$E34*L$22*12/1000 -> 10.032
B35: Aux. compras | D35: 2 | E35: 1 | H35: =$D35*$E35*H$22*12/1000 -> 9.816 | I35: =$D35*$E35*I$22*12/1000 -> 9.888 | J35: =$D35*$E35*J$22*12/1000 -> 9.936 | K35: =$D35*$E35*K$22*12/1000 -> 9.984 | L35: =$D35*$E35*L$22*12/1000 -> 10.032
B36: Aux. Facturación | D36: 2 | E36: 1 | H36: =$D36*$E36*H$22*12/1000 -> 9.816 | I36: =$D36*$E36*I$22*12/1000 -> 9.888 | J36: =$D36*$E36*J$22*12/1000 -> 9.936 | K36: =$D36*$E36*K$22*12/1000 -> 9.984 | L36: =$D36*$E36*L$22*12/1000 -> 10.032
B37: Total Contabilidad | D37: =SUM(D32:D36) -> 9 | E37: =SUM(G37:L37) -> 273.108 | H37: =SUM(H32:H36) -> 53.988 | I37: =SUM(I32:I36) -> 54.384 | J37: =SUM(J32:J36) -> 54.648 | K37: =SUM(K32:K36) -> 54.912 | L37: =SUM(L32:L36) -> 55.176
B39: CONTRALORÍA
B40: Contralor General | D40: 1 | E40: 4 | H40: =$D40*$E40*H$22*12/1000 -> 19.632 | I40: =$D40*$E40*I$22*12/1000 -> 19.776 | J40: =$D40*$E40*J$22*12/1000 -> 19.872 | K40: =$D40*$E40*K$22*12/1000 -> 19.968 | L40: =$D40*$E40*L$22*12/1000 -> 20.064
B41: Jefe Auditoría | D41: 1 | E41: 3 | H41: =$D41*$E41*H$22*12/1000 -> 14.724 | I41: =$D41*$E41*I$22*12/1000 -> 14.832 | J41: =$D41*$E41*J$22*12/1000 -> 14.904 | K41: =$D41*$E41*K$22*12/1000 -> 14.976 | L41: =$D41*$E41*L$22*12/1000 -> 15.048
B42: Auditores Internos | D42: 2 | E42: 2 | H42: =$D42*$E42*H$22*12/1000 -> 19.632 | I42: =$D42*$E42*I$22*12/1000 -> 19.776 | J42: =$D42*$E42*J$22*12/1000 -> 19.872 | K42: =$D42*$E42*K$22*12/1000 -> 19.968 | L42: =$D42*$E42*L$22*12/1000 -> 20.064
B43: Jefe Sistemas | D43: 1 | E43: 3 | H43: =$D43*$E43*H$22*12/1000 -> 14.724 | I43: =$D43*$E43*I$22*12/1000 -> 14.832 | J43: =$D43*$E43*J$22*12/1000 -> 14.904 | K43: =$D43*$E43*K$22*12/1000 -> 14.976 | L43: =$D43*$E43*L$22*12/1000 -> 15.048
B44: Programadores | D44: 2 | E44: 2 | H44: =$D44*$E44*H$22*12/1000 -> 19.632 | I44: =$D44*$E44*I$22*12/1000 -> 19.776 | J44: =$D44*$E44*J$22*12/1000 -> 19.872 | K44: =$D44*$E44*K$22*12/1000 -> 19.968 | L44: =$D44*$E44*L$22*12/1000 -> 20.064
B45: Total Contraloría | D45: =SUM(D40:D44) -> 7 | E45: =SUM(G45:L45) -> 446.904 | H45: =SUM(H40:H44) -> 88.344 | I45: =SUM(I40:I44) -> 88.992 | J45: =SUM(J40:J44) -> 89.424 | K45: =SUM(K40:K44) -> 89.856 | L45: =SUM(L40:L44) -> 90.288
B47: TESORERIA
B48: Tesorero General | D48: 1 | E48: 5 | H48: =$D48*$E48*H$22*12/1000 -> 24.54 | I48: =$D48*$E48*I$22*12/1000 -> 24.72 | J48: =$D48*$E48*J$22*12/1000 -> 24.84 | K48: =$D48*$E48*K$22*12/1000 -> 24.96 | L48: =$D48*$E48*L$22*12/1000 -> 25.08
B49: Aux. Cuentas corrientes | D49: 1 | E49: 2 | H49: =$D49*$E49*H$22*12/1000 -> 9.816 | I49: =$D49*$E49*I$22*12/1000 -> 9.888 | J49: =$D49*$E49*J$22*12/1000 -> 9.936 | K49: =$D49*$E49*K$22*12/1000 -> 9.984 | L49: =$D49*$E49*L$22*12/1000 -> 10.032
B50: Aux. Inversiones | D50: 1 | E50: 2 | H50: =$D50*$E50*H$22*12/1000 -> 9.816 | I50: =$D50*$E50*I$22*12/1000 -> 9.888 | J50: =$D50*$E50*J$22*12/1000 -> 9.936 | K50: =$D50*$E50*K$22*12/1000 -> 9.984 | L50: =$D50*$E50*L$22*12/1000 -> 10.032
B51: Aux. cobranzas | D51: 1 | E51: 2 | H51: =$D51*$E51*H$22*12/1000 -> 9.816 | I51: =$D51*$E51*I$22*12/1000 -> 9.888 | J51: =$D51*$E51*J$22*12/1000 -> 9.936 | K51: =$D51*$E51*K$22*12/1000 -> 9.984 | L51: =$D51*$E51*L$22*12/1000 -> 10.032
B52: Total Tesorería | D52: =SUM(D48:D51) -> 4 | E52: =SUM(G52:L52) -> 273.108 | H52: =SUM(H48:H51) -> 53.988 | I52: =SUM(I48:I51) -> 54.384 | J52: =SUM(J48:J51) -> 54.648 | K52: =SUM(K48:K51) -> 54.912 | L52: =SUM(L48:L51) -> 55.176
B54: RRHH
B55: Gerente RRHH | D55: 1 | E55: 4 | H55: =$D55*$E55*H$22*12/1000 -> 19.632 | I55: =$D55*$E55*I$22*12/1000 -> 19.776 | J55: =$D55*$E55*J$22*12/1000 -> 19.872 | K55: =$D55*$E55*K$22*12/1000 -> 19.968 | L55: =$D55*$E55*L$22*12/1000 -> 20.064
B56: Recepcionista | D56: 1 | E56: 1 | H56: =$D56*$E56*H$22*12/1000 -> 4.908 | I56: =$D56*$E56*I$22*12/1000 -> 4.944 | J56: =$D56*$E56*J$22*12/1000 -> 4.968 | K56: =$D56*$E56*K$22*12/1000 -> 4.992 | L56: =$D56*$E56*L$22*12/1000 -> 5.016
B57: Auxiliar Contrataciones | D57: 1 | E57: 1.5 | H57: =$D57*$E57*H$22*12/1000 -> 7.362 | I57: =$D57*$E57*I$22*12/1000 -> 7.416 | J57: =$D57*$E57*J$22*12/1000 -> 7.452 | K57: =$D57*$E57*K$22*12/1000 -> 7.488 | L57: =$D57*$E57*L$22*12/1000 -> 7.524
B58: Auxiliar Capacitaciones | D58: 1 | E58: 1.5 | H58: =$D58*$E58*H$22*12/1000 -> 7.362 | I58: =$D58*$E58*I$22*12/1000 -> 7.416 | J58: =$D58*$E58*J$22*12/1000 -> 7.452 | K58: =$D58*$E58*K$22*12/1000 -> 7.488 | L58: =$D58*$E58*L$22*12/1000 -> 7.524
B59: Total RRHH | D59: =SUM(D55:D58) -> 4 | E59: =SUM(G59:L59) -> 198.624 | H59: =SUM(H55:H58) -> 39.264 | I59: =SUM(I55:I58) -> 39.552 | J59: =SUM(J55:J58) -> 39.744 | K59: =SUM(K55:K58) -> 39.936 | L59: =SUM(L55:L58) -> 40.128
B61: Total sueldos área administrativa | D61: =D29+D37+D45+D52+D59 -> 27 | E61: =SUM(G61:L61) -> 1812.444 | H61: =H29+H37+H45+H52+H59 -> 358.284 | I61: =I29+I37+I45+I52+I59 -> 360.912 | J61: =J29+J37+J45+J52+J59 -> 362.664 | K61: =K29+K37+K45+K52+K59 -> 364.416 | L61: =L29+L37+L45+L52+L59 -> 366.168
B64: Beneficios gravados para seguridad social (USD 000)
B65: Alimentación | E65: =SUM(G65:L65) -> 17.218218 | H65: =H$61*$D12 -> 3.403698 | I65: =I$61*$D12 -> 3.428664 | J65: =J$61*$D12 -> 3.445308 | K65: =K$61*$D12 -> 3.461952 | L65: =L$61*$D12 -> 3.478596
B66: Uniformes | E66: =SUM(G66:L66) -> 17.218218 | H66: =H$61*$D13 -> 3.403698 | I66: =I$61*$D13 -> 3.428664 | J66: =J$61*$D13 -> 3.445308 | K66: =K$61*$D13 -> 3.461952 | L66: =L$61*$D13 -> 3.478596
B67: Transporte | E67: =SUM(G67:L67) -> 8.155998 | H67: =H$61*$D14 -> 1.612278 | I67: =I$61*$D14 -> 1.624104 | J67: =J$61*$D14 -> 1.631988 | K67: =K$61*$D14 -> 1.639872 | L67: =L$61*$D14 -> 1.647756
B68: Capacitaciones | E68: =SUM(G68:L68) -> 17.218218 | H68: =H$61*$D15 -> 3.403698 | I68: =I$61*$D15 -> 3.428664 | J68: =J$61*$D15 -> 3.445308 | K68: =K$61*$D15 -> 3.461952 | L68: =L$61*$D15 -> 3.478596
B69: Seguro médico | E69: =SUM(G69:L69) -> 8.155998 | H69: =H$61*$D16 -> 1.612278 | I69: =I$61*$D16 -> 1.624104 | J69: =J$61*$D16 -> 1.631988 | K69: =K$61*$D16 -> 1.639872 | L69: =L$61*$D16 -> 1.647756
B70: Total Beneficios gravados | E70: =SUM(G70:L70) -> 67.96665 | H70: =SUM(H65:H69) -> 13.43565 | I70: =SUM(I65:I69) -> 13.5342 | J70: =SUM(J65:J69) -> 13.5999 | K70: =SUM(K65:K69) -> 13.6656 | L70: =SUM(L65:L69) -> 13.7313
B73: Beneficios Sociales área administrativa (USD 000)
B74: 13er sueldo | E74: =SUM(G74:L74) -> 156.70089 | H74: =(H$61+H$70)/12 -> 30.976638 | I74: =(I$61+I$70)/12 -> 31.20385 | J74: =(J$61+J$70)/12 -> 31.355325 | K74: =(K$61+K$70)/12 -> 31.5068 | L74: =(L$61+L$70)/12 -> 31.658275
B75: 14to sueldo | E75: =SUM(G75:L75) -> 55.863 | H75: =H22*$D$61/1000 -> 11.043 | I75: =I22*$D$61/1000 -> 11.124 | J75: =J22*$D$61/1000 -> 11.178 | K75: =K22*$D$61/1000 -> 11.232 | L75: =L22*$D$61/1000 -> 11.286
B76: Vacaciones | E76: =SUM(G76:L76) -> 78.350444 | H76: =(H$61+H$70)/24 -> 15.488319 | I76: =(I$61+I$70)/24 -> 15.601925 | J76: =(J$61+J$70)/24 -> 15.677662 | K76: =(K$61+K$70)/24 -> 15.7534 | L76: =(L$61+L$70)/24 -> 15.829137
B77: Fondos Reserva | E77: =SUM(G77:L77) -> 151.037 | H77: =H$61/12 -> 29.857 | I77: =I$61/12 -> 30.076 | J77: =J$61/12 -> 30.222 | K77: =K$61/12 -> 30.368 | L77: =L$61/12 -> 30.514
B78: Aporte Patronal | E78: =SUM(G78:L78) -> 228.46989 | H78: =(H$61+H$70)*12.15% -> 45.163937 | I78: =(I$61+I$70)*12.15% -> 45.495213 | J78: =(J$61+J$70)*12.15% -> 45.716064 | K78: =(K$61+K$70)*12.15% -> 45.936914 | L78: =(L$61+L$70)*12.15% -> 46.157765
B79: Subtotal Beneficios Sociales | E79: =SUM(G79:L79) -> 670.42123 | H79: =SUM(H74:H78) -> 132.52889 | I79: =SUM(I74:I78) -> 133.50099 | J79: =SUM(J74:J78) -> 134.14905 | K79: =SUM(K74:K78) -> 134.79711 | L79: =SUM(L74:L78) -> 135.44518
B81: TOTAL SUELDOS MÁS BENEFICIOS | E81: =SUM(G81:L81) -> 2550.8319 | H81: =H61+H70+H79 -> 504.24854 | I81: =I61+I70+I79 -> 507.94719 | J81: =J61+J70+J79 -> 510.41295 | K81: =K61+K70+K79 -> 512.87871 | L81: =L61+L70+L79 -> 515.34448

Sheet Deuda
A1: =MID(CELL("filename",A1),FIND("[",CELL("filename",A1))+1,FIND("]",CELL("filename",A1))-FIND("[",CELL("filename",A1))-6) -> Modelo proyecciones Hult - Resuelto
A2: =MID(CELL("filename",A2),FIND("]",CELL("filename",A2))+1,LEN(CELL("filename",A2))) -> Deuda
B3: Timing | C3: 1 | F3: Periodo | G3: =Timing!G3 -> 0 | H3: =Timing!H3 -> 1 | I3: =Timing!I3 -> 2 | J3: =Timing!J3 -> 3 | K3: =Timing!K3 -> 4 | L3: =Timing!L3 -> 5
F4: Tipo | G4: =Timing!G4 -> Actual | H4: =Timing!H4 -> Proyectado | I4: =Timing!I4 -> Proyectado | J4: =Timing!J4 -> Proyectado | K4: =Timing!K4 -> Proyectado | L4: =Timing!L4 -> Proyectado
F5: Inicio | G5: =Timing!G5 -> 44927 | H5: =Timing!H5 -> 45292 | I5: =Timing!I5 -> 45658 | J5: =Timing!J5 -> 46023 | K5: =Timing!K5 -> 46388 | L5: =Timing!L5 -> 46753
F6: Fin | G6: =Timing!G6 -> 45291 | H6: =Timing!H6 -> 45657 | I6: =Timing!I6 -> 46022 | J6: =Timing!J6 -> 46387 | K6: =Timing!K6 -> 46752 | L6: =Timing!L6 -> 47118
F7: Año | G7: =Timing!G7 -> 2023 | H7: =Timing!H7 -> 2024 | I7: =Timing!I7 -> 2025 | J7: =Timing!J7 -> 2026 | K7: =Timing!K7 -> 2027 | L7: =Timing!L7 -> 2028
B9: Supuestos
B11: Monto | D11: =Supuestos!D46 -> 3000
B12: Fecha inicio | D12: =Supuestos!D47 -> 45061
B13: Plazo | D13: =Supuestos!D48 -> 5
B14: Tasa | D14: =Supuestos!D49 -> 0.12
B15: Periodo de gracia | D15: =Supuestos!D50 -> 0
B16: No. Pagos en el año | D16: =Supuestos!D51 -> 12
B17: Plazo amortización | D17: =D13-D15 -> 5
B18: No. Periodos de gracia | D18: =D15*D16 -> 0
B19: No. Pagos capital | D19: =D17*D16 -> 60
B20: Tasa de interés por periodo | D20: =D14/D16 -> 0.01
C24: Periodos de tiempo | H24: Pagos | J24: Saldo por | L24: Resumen de pagos por año
B25: No. | C25: Inicio | D25: Fin | E25: Año | G25: Capital | H25: Interés | I25: Total | J25: Amortizar | L25: Año | M25: Capital | N25: Interés | O25: Total | P25: SPA
B26: 0 | D26: =D12 -> 45061 | E26: =YEAR(D26) -> 2023 | J26: =D11 -> 3000 | L26: =E26 -> 2023 | M26: =SUMIF($E:$E,$L26,G:G) -> 264.97726 | N26: =SUMIF($E:$E,$L26,H:H) -> 202.15614 | O26: =M26+N26 -> 467.1334 | P26: =J26-M26 -> 2735.0227
B27: 1 | C27: =D26 -> 45061 | D27: =DATE(YEAR(D26),MONTH(D26)+1,DAY(D26)) -> 45092 | E27: =YEAR(D27) -> 2023 | G27: =I27-H27 -> 36.733343 | H27: =J26*$D$20 -> 30 | I27: =PMT($D$20,$D$19,-$D$11) -> 66.733343 | J27: =J26-G27 -> 2963.2667 | L27: =L26+1 -> 2024 | M27: =SUMIF($E:$E,$L27,G:G) -> 499.47648 | N27: =SUMIF($E:$E,$L27,H:H) -> 301.32363 | O27: =M27+N27 -> 800.80012 | P27: =P26-M27 -> 2235.5463
B28: 2 | C28: =D27 -> 45092 | D28: =DATE(YEAR(D27),MONTH(D27)+1,DAY(D27)) -> 45122 | E28: =YEAR(D28) -> 2023 | G28: =I28-H28 -> 37.100676 | H28: =J27*$D$20 -> 29.632667 | I28: =PMT($D$20,$D$19,-$D$11) -> 66.733343 | J28: =J27-G28 -> 2926.166 | L28: =L27+1 -> 2025 | M28: =SUMIF($E:$E,$L28,G:G) -> 562.8226 | N28: =SUMIF($E:$E,$L28,H:H) -> 237.97751 | O28: =M28+N28 -> 800.80012 | P28: =P27-M28 -> 1672.7236
B29: 3 | C29: =D28 -> 45122 | D29: =DATE(YEAR(D28),MONTH(D28)+1,DAY(D28)) -> 45153 | E29: =YEAR(D29) -> 2023 | G29: =I29-H29 -> 37.471683 | H29: =J28*$D$20 -> 29.26166 | I29: =PMT($D$20,$D$19,-$D$11) -> 66.733343 | J29: =J28-G29 -> 2888.6943 | L29: =L28+1 -> 2026 | M29: =SUMIF($E:$E,$L29,G:G) -> 634.2026 | N29: =SUMIF($E:$E,$L29,H:H) -> 166.59752 | O29: =M29+N29 -> 800.80012 | P29: =P28-M29 -> 1038.5211
B30: 4 | C30: =D29 -> 45153 | D30: =DATE(YEAR(D29),MONTH(D29)+1,DAY(D29)) -> 45184 | E30: =YEAR(D30) -> 2023 | G30: =I30-H30 -> 37.8464 | H30: =J29*$D$20 -> 28.886943 | I30: =PMT($D$20,$D$19,-$D$11) -> 66.733343 | J30: =J29-G30 -> 2850.8479 | L30: =L29+1 -> 2027 | M30: =SUMIF($E:$E,$L30,G:G) -> 714.63536 | N30: =SUMIF($E:$E,$L30,H:H) -> 86.164756 | O30: =M30+N30 -> 800.80012 | P30: =P29-M30 -> 323.88569
B31: 5 | C31: =D30 -> 45184 | D31: =DATE(YEAR(D30),MONTH(D30)+1,DAY(D30)) -> 45214 | E31: =YEAR(D31) -> 2023 | G31: =I31-H31 -> 38.224864 | H31: =J30*$D$20 -> 28.508479 | I31: =PMT($D$20,$D$19,-$D$11) -> 66.733343 | J31: =J30-G31 -> 2812.623 | L31: =L30+1 -> 2028 | M31: =SUMIF($E:$E,$L31,G:G) -> 323.88569 | N31: =SUMIF($E:$E,$L31,H:H) -> 9.7810234 | O31: =M31+N31 -> 333.66672 | P31: =P30-M31 -> 1.6484591e-12
B32: 6 | C32: =D31 -> 45214 | D32: =DATE(YEAR(D31),MONTH(D31)+1,DAY(D31)) -> 45245 | E32: =YEAR(D32) -> 2023 | G32: =I32-H32 -> 38.607113 | H32: =J31*$D$20 -> 28.12623 | I32: =PMT($D$20,$D$19,-$D$11) -> 66.733343 | J32: =J31-G32 -> 2774.0159
B33: 7 | C33: =D32 -> 45245 | D33: =DATE(YEAR(D32),MONTH(D32)+1,DAY(D32)) -> 45275 | E33: =YEAR(D33) -> 2023 | G33: =I33-H33 -> 38.993184 | H33: =J32*$D$20 -> 27.740159 | I33: =PMT($D$20,$D$19,-$D$11) -> 66.733343 | J33: =J32-G33 -> 2735.0227
B34: 8 | C34: =D33 -> 45275 | D34: =DATE(YEAR(D33),MONTH(D33)+1,DAY(D33)) -> 45306 | E34: =YEAR(D34) -> 2024 | G34: =I34-H34 -> 39.383116 | H34: =J33*$D$20 -> 27.350227 | I34: =PMT($D$20,$D$19,-$D$11) -> 66.733343 | J34: =J33-G34 -> 2695.6396
B35: 9 | C35: =D34 -> 45306 | D35: =DATE(YEAR(D34),MONTH(D34)+1,DAY(D34)) -> 45337 | E35: =YEAR(D35) -> 2024 | G35: =I35-H35 -> 39.776947 | H35: =J34*$D$20 -> 26.956396 | I35: =PMT($D$20,$D$19,-$D$11) -> 66.733343 | J35: =J34-G35 -> 2655.8627
B36: 10 | C36: =D35 -> 45337 | D36: =DATE(YEAR(D35),MONTH(D35)+1,DAY(D35)) -> 45366 | E36: =YEAR(D36) -> 2024 | G36: =I36-H36 -> 40.174716 | H36: =J35*$D$20 -> 26.558627 | I36: =PMT($D$20,$D$19,-$D$11) -> 66.733343 | J36: =J35-G36 -> 2615.688
B37: 11 | C37: =D36 -> 45366 | D37: =DATE(YEAR(D36),MONTH(D36)+1,DAY(D36)) -> 45397 | E37: =YEAR(D37) -> 2024 | G37: =I37-H37 -> 40.576463 | H37: =J36*$D$20 -> 26.15688 | I37: =PMT($D$20,$D$19,-$D$11) -> 66.733343 | J37: =J36-G37 -> 2575.1115
B38: 12 | C38: =D37 -> 45397 | D38: =DATE(YEAR(D37),MONTH(D37)+1,DAY(D37)) -> 45427 | E38: =YEAR(D38) -> 2024 | G38: =I38-H38 -> 40.982228 | H38: =J37*$D$20 -> 25.751115 | I38: =PMT($D$20,$D$19,-$D$11) -> 66.733343 | J38: =J37-G38 -> 2534.1293
B39: 13 | C39: =D38 -> 45427 | D39: =DATE(YEAR(D38),MONTH(D38)+1,DAY(D38)) -> 45458 | E39: =YEAR(D39) -> 2024 | G39: =I39-H39 -> 41.39205 | H39: =J38*$D$20 -> 25.341293 | I39: =PMT($D$20,$D$19,-$D$11) -> 66.733343 | J39: =J38-G39 -> 2492.7372
B40: 14 | C40: =D39 -> 45458 | D40: =DATE(YEAR(D39),MONTH(D39)+1,DAY(D39)) -> 45488 | E40: =YEAR(D40) -> 2024 | G40: =I40-H40 -> 41.805971 | H40: =J39*$D$20 -> 24.927372 | I40: =PMT($D$20,$D$19,-$D$11) -> 66.733343 | J40: =J39-G40 -> 2450.9312
B41: 15 | C41: =D40 -> 45488 | D41: =DATE(YEAR(D40),MONTH(D40)+1,DAY(D40)) -> 45519 | E41: =YEAR(D41) -> 2024 | G41: =I41-H41 -> 42.224031 | H41: =J40*$D$20 -> 24.509312 | I41: =PMT($D$20,$D$19,-$D$11) -> 66.733343 | J41: =J40-G41 -> 2408.7072
B42: 16 | C42: =D41 -> 45519 | D42: =DATE(YEAR(D41),MONTH(D41)+1,DAY(D41)) -> 45550 | E42: =YEAR(D42) -> 2024 | G42: =I42-H42 -> 42.646271 | H42: =J41*$D$20 -> 24.087072 | I42: =PMT($D$20,$D$19,-$D$11) -> 66.733343 | J42: =J41-G42 -> 2366.0609
B43: 17 | C43: =D42 -> 45550 | D43: =DATE(YEAR(D42),MONTH(D42)+1,DAY(D42)) -> 45580 | E43: =YEAR(D43) -> 2024 | G43: =I43-H43 -> 43.072734 | H43: =J42*$D$20 -> 23.660609 | I43: =PMT($D$20,$D$19,-$D$11) -> 66.733343 | J43: =J42-G43 -> 2322.9882
... B86: 60 | C86: =D85 -> 46858 | D86: =DATE(YEAR(D85),MONTH(D85)+1,DAY(D85)) -> 46888 | E86: =YEAR(D86) -> 2028 | G86: =I86-H86 -> 66.072617 | H86: =J85*$D$20 -> 0.66072617 | I86: =PMT($D$20,$D$19,-$D$11) -> 66.733343 | J86: =J85-G86 -> 9.3791641e-13

Sheet Proyecciones
A1: =MID(CELL("filename",A1),FIND("[",CELL("filename",A1))+1,FIND("]",CELL("filename",A1))-FIND("[",CELL("filename",A1))-6) -> Modelo proyecciones Hult - Resuelto
A2: =MID(CELL("filename",A2),FIND("]",CELL("filename",A2))+1,LEN(CELL("filename",A2))) -> Proyecciones
B3: Timing | C3: 1 | F3: Periodo | G3: =Timing!G3 -> 0 | H3: =Timing!H3 -> 1 | I3: =Timing!I3 -> 2 | J3: =Timing!J3 -> 3 | K3: =Timing!K3 -> 4 | L3: =Timing!L3 -> 5
F4: Tipo | G4: =Timing!G4 -> Actual | H4: =Timing!H4 -> Proyectado | I4: =Timing!I4 -> Proyectado | J4: =Timing!J4 -> Proyectado | K4: =Timing!K4 -> Proyectado | L4: =Timing!L4 -> Proyectado
F5: Inicio | G5: =Timing!G5 -> 44927 | H5: =Timing!H5 -> 45292 | I5: =Timing!I5 -> 45658 | J5: =Timing!J5 -> 46023 | K5: =Timing!K5 -> 46388 | L5: =Timing!L5 -> 46753
F6: Fin | G6: =Timing!G6 -> 45291 | H6: =Timing!H6 -> 45657 | I6: =Timing!I6 -> 46022 | J6: =Timing!J6 -> 46387 | K6: =Timing!K6 -> 46752 | L6: =Timing!L6 -> 47118
F7: Año | G7: =Timing!G7 -> 2023 | H7: =Timing!H7 -> 2024 | I7: =Timing!I7 -> 2025 | J7: =Timing!J7 -> 2026 | K7: =Timing!K7 -> 2027 | L7: =Timing!L7 -> 2028
B9: Supuestos
B10: Margen Bruto | D10: =Supuestos!D52 -> 0.3
B11: Margen Operativo | D11: =Supuestos!D53 -> 0.1
B12: Tasa Depreciación | D12: =Supuestos!D54 -> 0.05
B13: Tasa de impuestos | D13: =Supuestos!D55 -> 0.3625
B14: Tasa de pago dividendos | D14: =Supuestos!D56 -> 0.4
B15: Días de Inventario | D15: =Supuestos!D57 -> 45
B17: ESTADO DE RESULTADOS (USD 000)
B19: Total Ingresos | E19: =SUM(G19:L19) -> 61029.55 | H19: {=TRANSPOSE(Ingresos!I27:I31)} -> 11507.97 | I19: 11856.94 | J19: 12205.91 | K19: 12554.88 | L19: 12903.85
B21: Inventario Inicial | H21: 0 | I21: =H23 -> 1006.9474 | J21: =I23 -> 1037.4823 | K21: =J23 -> 1068.0171 | L21: =K23 -> 1098.552
B22: Compras | H22: =H24+H23-H21 -> 9062.5264 | I22: =I24+I23-I21 -> 8330.3929 | J22: =J24+J23-J21 -> 8574.6719 | K22: =K24+K23-K21 -> 8818.9509 | L22: =L24+L23-L21 -> 9063.2299
B23: Inventario Final | H23: =H24/360*$D$15 -> 1006.9474 | I23: =I24/360*$D$15 -> 1037.4823 | J23: =J24/360*$D$15 -> 1068.0171 | K23: =K24/360*$D$15 -> 1098.552 | L23: =L24/360*$D$15 -> 1129.0869
B24: Total Costo de Ventas | E24: =SUM(G24:L24) -> 42720.685 | H24: =H19-H26 -> 8055.579 | I24: =I19-I26 -> 8299.858 | J24: =J19-J26 -> 8544.137 | K24: =K19-K26 -> 8788.416 | L24: =L19-L26 -> 9032.695
B26: Utilidad Bruta | E26: =SUM(G26:L26) -> 18308.865 | H26: =H19*$D$10 -> 3452.391 | I26: =I19*$D$10 -> 3557.082 | J26: =J19*$D$10 -> 3661.773 | K26: =K19*$D$10 -> 3766.464 | L26: =L19*$D$10 -> 3871.155
B28: Sueldos y beneficios | H28: =Nomina!H81 -> 504.24854 | I28: =Nomina!I81 -> 507.94719 | J28: =Nomina!J81 -> 510.41295 | K28: =Nomina!K81 -> 512.87871 | L28: =Nomina!L81 -> 515.34448
B29: Gastos de Administración y Venta | H29: =H31-H30-H28 -> 1507.3455 | I29: =I31-I30-I28 -> 1573.4408 | J29: =J31-J30-J28 -> 1640.769 | K29: =K31-K30-K28 -> 1708.0973 | L29: =L31-L30-L28 -> 1775.4255
B30: Depreciación activos | H30: =G67*$D$12 -> 290 | I30: =H67*$D$12 -> 290 | J30: =I67*$D$12 -> 290 | K30: =J67*$D$12 -> 290 | L30: =K67*$D$12 -> 290
B31: Total Gastos Operativos | E31: =SUM(G31:L31) -> 12205.91 | H31: =H26-H33 -> 2301.594 | I31: =I26-I33 -> 2371.388 | J31: =J26-J33 -> 2441.182 | K31: =K26-K33 -> 2510.976 | L31: =L26-L33 -> 2580.77
B33: Utilidad Operativa EBIT | E33: =SUM(G33:L33) -> 6102.955 | H33: =H19*$D$11 -> 1150.797 | I33: =I19*$D$11 -> 1185.694 | J33: =J19*$D$11 -> 1220.591 | K33: =K19*$D$11 -> 1255.488 | L33: =L19*$D$11 -> 1290.385
B35: Gastos Financieros | E35: =SUM(G35:L35) -> 1004.0006 | G35: {=TRANSPOSE(Deuda!N26:N31)} -> 202.15614 | H35: 301.32363 | I35: 237.97751 | J35: 166.59752 | K35: 86.164756 | L35: 9.7810234
B36: Utilidad antes de impuestos | E36: =SUM(G36:L36) -> 5098.9544 | G36: =G33-G35 -> -202.15614 | H36: =H33-H35 -> 849.47337 | I36: =I33-I35 -> 947.71649 | J36: =J33-J35 -> 1053.9935 | K36: =K33-K35 -> 1169.3232 | L36: =L33-L35 -> 1280.604
B38: Impuestos | E38: =SUM(G38:L38) -> 1921.6526 | G38: =MAX(G36*$D$13,0) -> 0 | H38: =MAX(H36*$D$13,0) -> 307.9341 | I38: =MAX(I36*$D$13,0) -> 343.54723 | J38: =MAX(J36*$D$13,0) -> 382.07264 | K38: =MAX(K36*$D$13,0) -> 423.87968 | L38: =MAX(L36*$D$13,0) -> 464.21894
B39: Utilidad Neta | E39: =SUM(G39:L39) -> 3177.3018 | G39: =G36-G38 -> -202.15614 | H39: =H36-H38 -> 541.53927 | I39: =I36-I38 -> 604.16926 | J39: =J36-J38 -> 671.92084 | K39: =K36-K38 -> 745.44357 | L39: =L36-L38 -> 816.38504
B41: Dividendos declarados | E41: =SUM(G41:L41) -> 1351.7832 | G41: =MAX(G39*$D$14,0) -> 0 | H41: =MAX(H39*$D$14,0) -> 216.61571 | I41: =MAX(I39*$D$14,0) -> 241.6677 | J41: =MAX(J39*$D$14,0) -> 268.76834 | K41: =MAX(K39*$D$14,0) -> 298.17743 | L41: =MAX(L39*$D$14,0) -> 326.55401
B42: Utilidad Retenida | E42: =SUM(G42:L42) -> 1825.5186 | G42: =G39-G41 -> -202.15614 | H42: =H39-H41 -> 324.92356 | I42: =I39-I41 -> 362.50156 | J42: =J39-J41 -> 403.15251 | K42: =K39-K41 -> 447.26614 | L42: =L39-L41 -> 489.83102
B47: Supuestos
B48: Efectivo mínimo caja | D48: =Supuestos!D58 -> 10
B49: Efectivo mínimo caja | D49: =Supuestos!D59 -> 0.0025
B50: Días de cobro clientes | D50: =Supuestos!D60 -> 30
B51: Días de pago proveedores | D51: =Supuestos!D61 -> 15
B52: Tasa de impago gastos operativos | D52: =Supuestos!D62 -> 0.1
B53: Total inversión inicial | D53: =Supuestos!D39 -> 5800
B54: Aporte de capital inicial | D54: =Supuestos!D63 -> 5000
B56: ESTADO DE SITUACION FINANCIERA (USD 000)
B58: ACTIVOS
B59: Caja | G59: =MAX(G19*$D$49,$D$48) -> 10 | H59: =MAX(H19*$D$49,$D$48) -> 28.769925 | I59: =MAX(I19*$D$49,$D$48) -> 29.64235 | J59: =MAX(J19*$D$49,$D$48) -> 30.514775 | K59: =MAX(K19*$D$49,$D$48) -> 31.3872 | L59: =MAX(L19*$D$49,$D$48) -> 32.259625
B60: Bancos | G60: =G126 -> 1722.8666 | H60: =H126 -> 516.1788 | I60: =I126 -> 285.89905 | J60: =J126 -> 70.411737 | K60: =K126 -> -175.80462 | L60: =L126 -> 8.7932974
B61: Cuentas por Cobrar comerciales | H61: =H19/360*$D$50 -> 958.9975 | I61: =I19/360*$D$50 -> 988.07833 | J61: =J19/360*$D$50 -> 1017.1592 | K61: =K19/360*$D$50 -> 1046.24 | L61: =L19/360*$D$50 -> 1075.3208
B62: Inventarios mercaderías | H62: =H23 -> 1006.9474 | I62: =I23 -> 1037.4823 | J62: =J23 -> 1068.0171 | K62: =K23 -> 1098.552 | L62: =L23 -> 1129.0869
B63: Total Activos Corrientes | G63: =SUM(G59:G62) -> 1732.8666 | H63: =SUM(H59:H62) -> 2510.8936 | I63: =SUM(I59:I62) -> 2341.102 | J63: =SUM(J59:J62) -> 2186.1028 | K63: =SUM(K59:K62) -> 2000.3746 | L63: =SUM(L59:L62) -> 2245.4606
B65: Propiedad, Planta y Equipo, Bruto | G65: =D53 -> 5800 | H65: =G65+H30 -> 6090 | I65: =H65+I30 -> 6380 | J65: =I65+J30 -> 6670 | K65: =J65+K30 -> 6960 | L65: =K65+L30 -> 7250
B66: Depreciación Acumulada | H66: =G66-H30 -> -290 | I66: =H66-I30 -> -580 | J66: =I66-J30 -> -870 | K66: =J66-K30 -> -1160 | L66: =K66-L30 -> -1450
B67: Total Activos No Corrientes | G67: =G65+G66 -> 5800 | H67: =H65+H66 -> 5800 | I67: =I65+I66 -> 5800 | J67: =J65+J66 -> 5800 | K67: =K65+K66 -> 5800 | L67: =L65+L66 -> 5800
B69: Total Activos | G69: =G63+G67 -> 7532.8666 | H69: =H63+H67 -> 8310.8936 | I69: =I63+I67 -> 8141.102 | J69: =J63+J67 -> 7986.1028 | K69: =K63+K67 -> 7800.3746 | L69: =L63+L67 -> 8045.4606
B71: PASIVOS
B72: Pasivos Corrientes
B73: Cuentas por pagar proveedores | H73: =H22/360*$D$51 -> 377.60527 | I73: =I22/360*$D$51 -> 347.0997 | J73: =J22/360*$D$51 -> 357.27799 | K73: =K22/360*$D$51 -> 367.45629 | L73: =L22/360*$D$51 -> 377.63458
B74: Gastos por pagar empleados | H74: =H28*$D$52 -> 50.424854 | I74: =I28*$D$52 -> 50.794719 | J74: =J28*$D$52 -> 51.041295 | K74: =K28*$D$52 -> 51.287871 | L74: =L28*$D$52 -> 51.534448
B75: Impuestos directos por pagar | H75: =H38 -> 307.9341 | I75: =I38 -> 343.54723 | J75: =J38 -> 382.07264 | K75: =K38 -> 423.87968 | L75: =L38 -> 464.21894
B76: Total Pasivos Corrientes | G76: =SUM(G73:G75) -> 0 | H76: =SUM(H73:H75) -> 735.96422 | I76: =SUM(I73:I75) -> 741.44165 | J76: =SUM(J73:J75) -> 790.39193 | K76: =SUM(K73:K75) -> 842.62383 | L76: =SUM(L73:L75) -> 893.38797
B78: Deuda Largo Plazo | G78: {=TRANSPOSE(Deuda!P26:P31)} -> 2735.0227 | H78: 2235.5463 | I78: 1672.7236 | J78: 1038.5211 | K78: 323.88569 | L78: 1.6484591e-12
B79: Total Pasivos | G79: =G76+G78 -> 2735.0227 | H79: =H76+H78 -> 2971.5105 | I79: =I76+I78 -> 2414.1653 | J79: =J76+J78 -> 1828.913 | K79: =K76+K78 -> 1166.5095 | L79: =L76+L78 -> 893.38797
B81: PATRIMONIO
B82: Capital Social | G82: =D54 -> 5000 | H82: =G82 -> 5000 | I82: =H82 -> 5000 | J82: =I82 -> 5000 | K82: =J82 -> 5000 | L82: =K82 -> 5000
B83: Resultados del Ejercicio | G83: =G39 -> -202.15614 | H83: =H39 -> 541.53927 | I83: =I39 -> 604.16926 | J83: =J39 -> 671.92084 | K83: =K39 -> 745.44357 | L83: =L39 -> 816.38504
B84: Resultados Acumulados | H84: =G84+G42 -> -202.15614 | I84: =H84+H42 -> 122.76742 | J84: =I84+I42 -> 485.26898 | K84: =J84+J42 -> 888.42149 | L84: =K84+K42 -> 1335.6876
B85: Total Patrimonio | G85: =SUM(G82:G84) -> 4797.8439 | H85: =SUM(H82:H84) -> 5339.3831 | I85: =SUM(I82:I84) -> 5726.9367 | J85: =SUM(J82:J84) -> 6157.1898 | K85: =SUM(K82:K84) -> 6633.8651 | L85: =SUM(L82:L84) -> 7152.0727
B87: Total Pasivos y Patrimonio | G87: =G79+G85 -> 7532.8666 | H87: =H79+H85 -> 8310.8936 | I87: =I79+I85 -> 8141.102 | J87: =J79+J85 -> 7986.1028 | K87: =K79+K85 -> 7800.3746 | L87: =L79+L85 -> 8045.4606
B88: Check | G88: =G69-G87 -> 0 | H88: =H69-H87 -> 0 | I88: =I69-I87 -> 0 | J88: =J69-J87 -> 0 | K88: =K69-K87 -> 0 | L88: =L69-L87 -> 0
B94: ESTADO DE FLUJOS DE EFECTIVO (USD 000)
B96: ACTIVIDADES DE OPERACIÓN
B97: Ingresos operativos - Cobros a Clientes | E97: =SUM(G97:L97) -> 59954.229 | H97: =H19+G61-H61 -> 10548.973 | I97: =I19+H61-I61 -> 11827.859 | J97: =J19+I61-J61 -> 12176.829 | K97: =K19+J61-K61 -> 12525.799 | L97: =L19+K61-L61 -> 12874.769
B99: Pagos a proveedores | E99: =SUM(G99:L99) -> 43472.137 | H99: =H22+G73-H73 -> 8684.9211 | I99: =I22+H73-I73 -> 8360.8984 | J99: =J22+I73-J73 -> 8564.4936 | K99: =K22+J73-K73 -> 8808.7726 | L99: =L22+K73-L73 -> 9053.0516
B100: Pagos a empleados | E100: =SUM(G100:L100) -> 2499.2974 | H100: =H28+G74-H74 -> 453.82369 | I100: =I28+H74-I74 -> 507.57732 | J100: =J28+I74-J74 -> 510.16638 | K100: =K28+J74-K74 -> 512.63214 | L100: =L28+K74-L74 -> 515.0979
B101: Pago de gastos operativos | E101: =SUM(G101:L101) -> 8237.3377 | G101: =G29+G59-F59 -> 10 | H101: =H29+H59-G59 -> 1526.1154 | I101: =I29+I59-H59 -> 1574.3132 | J101: =J29+J59-I59 -> 1641.6415 | K101: =K29+K59-J59 -> 1708.9697 | L101: =L29+L59-K59 -> 1776.2979
B102: Pago de impuestos | E102: =SUM(G102:L102) -> 1457.4336 | H102: =H38+G75-H75 -> 0 | I102: =I38+H75-I75 -> 307.9341 | J102: =J38+I75-J75 -> 343.54723 | K102: =K38+J75-K75 -> 382.07264 | L102: =L38+K75-L75 -> 423.87968
B103: Total Egresos operativos | E103: =SUM(G103:L103) -> 55666.206 | G103: =SUM(G99:G102) -> 10 | H103: =SUM(H99:H102) -> 10664.86 | I103: =SUM(I99:I102) -> 10750.723 | J103: =SUM(J99:J102) -> 11059.849 | K103: =SUM(K99:K102) -> 11412.447 | L103: =SUM(L99:L102) -> 11768.327
B105: Flujo de actividades de operación | E105: =SUM(G105:L105) -> 4288.0231 | G105: =G97-G103 -> -10 | H105: =H97-H103 -> -115.88768 | I105: =I97-I103 -> 1077.1361 | J105: =J97-J103 -> 1116.9805 | K105: =K97-K103 -> 1113.3521 | L105: =L97-L103 -> 1106.4421
B107: ACTIVIDADES DE INVERSIÓN
B108: Ingreso por venta de activos | E108: =SUM(G108:L108) -> 0
B109: Egreso por compra de activos | E109: =SUM(G109:L109) -> 7250 | G109: =G65-F65 -> 5800 | H109: =H65-G65 -> 290 | I109: =I65-H65 -> 290 | J109: =J65-I65 -> 290 | K109: =K65-J65 -> 290 | L109: =L65-K65 -> 290
B110: Flujo de actividades de inversión | E110: =SUM(G110:L110) -> -7250 | G110: =G108-G109 -> -5800 | H110: =H108-H109 -> -290 | I110: =I108-I109 -> -290 | J110: =J108-J109 -> -290 | K110: =K108-K109 -> -290 | L110: =L108-L109 -> -290
B112: ACTIVIDADES DE FINANCIACION
B113: Ingresos por nuevas deudas | E113: =SUM(G113:L113) -> 3000 | G113: =Deuda!D11 -> 3000
B114: Egresos por amortización deudas | E114: =SUM(G114:L114) -> 3000 | G114: {=TRANSPOSE(Deuda!M26:N31)} -> 264.97726 | H114: 499.47648 | I114: 562.8226 | J114: 634.2026 | K114: 714.63536 | L114: 323.88569
B115: Egresos por gastos financieros | E115: =SUM(G115:L115) -> 1004.0006 | G115: 202.15614 | H115: 301.32363 | I115: 237.97751 | J115: 166.59752 | K115: 86.164756 | L115: 9.7810234
B116: Total Flujo de Deuda | E116: =SUM(G116:L116) -> -1004.0006 | G116: =G113-G114-G115 -> 2532.8666 | H116: =H113-H114-H115 -> -800.80012 | I116: =I113-I114-I115 -> -800.80012 | J116: =J113-J114-J115 -> -800.80012 | K116: =K113-K114-K115 -> -800.80012 | L116: =L113-L114-L115 -> -333.66672
B118: Ingresos por aportes de capital | E118: =SUM(G118:L118) -> 5000 | G118: =G82-F82 -> 5000 | H118: =H82-G82 -> 0 | I118: =I82-H82 -> 0 | J118: =J82-I82 -> 0 | K118: =K82-J82 -> 0 | L118: =L82-K82 -> 0
B119: Egresos por retiros de capital | E119: =SUM(G119:L119) -> 0
B120: Egresos por pago de dividendos | E120: =SUM(G120:L120) -> 1025.2292 | H120: =G41 -> 0 | I120: =H41 -> 216.61571 | J120: =I41 -> 241.6677 | K120: =J41 -> 268.76834 | L120: =K41 -> 298.17743
B121: Total Flujo de Patrimonio | E121: =SUM(G121:L121) -> 3974.7708 | G121: =G118-G119-G120 -> 5000 | H121: =H118-H119-H120 -> 0 | I121: =I118-I119-I120 -> -216.61571 | J121: =J118-J119-J120 -> -241.6677 | K121: =K118-K119-K120 -> -268.76834 | L121: =L118-L119-L120 -> -298.17743
B123: Flujo de actividades de financiación | E123: =SUM(G123:L123) -> 2970.7702 | G123: =G116+G121 -> 7532.8666 | H123: =H116+H121 -> -800.80012 | I123: =I116+I121 -> -1017.4158 | J123: =J116+J121 -> -1042.4678 | K123: =K116+K121 -> -1069.5685 | L123: =L116+L121 -> -631.84414
B125: Flujo neto de efectivo | E125: =SUM(G125:L125) -> 8.7932974 | G125: =G105+G110+G123 -> 1722.8666 | H125: =H105+H110+H123 -> -1206.6878 | I125: =I105+I110+I123 -> -230.27975 | J125: =J105+J110+J123 -> -215.48731 | K125: =K105+K110+K123 -> -246.21636 | L125: =L105+L110+L123 -> 184.59792
B126: Flujo acumulado de efectivo | G126: =F126+G125 -> 1722.8666 | H126: =G126+H125 -> 516.1788 | I126: =H126+I125 -> 285.89905 | J126: =I126+J125 -> 70.411737 | K126: =J126+K125 -> -175.80462 | L126: =K126+L125 -> 8.7932974
